AoeStats
← miscussi

Arabia

509368498Analyzed
1v1 RM · 6d ago on Sep 26, 2026· 54m 44s· 2 players
Game mode
Random Map
Map size
Tiny (2 player)
Population
200
Speed
Normal
Resources
Standard
Victory
Conquest
Starting age
Dark Age
Ending age
Imperial Age
RankedLock teamsTeams togetherTeam positionsShared explorationLock speedFull tech treeHidden civsTurbo modeCheats
Victory
Defeat
🇦🇷 Bohemians · Argentina
909
+15
🇦🇹 Celts · Austria
896
-15
andoss
12:46 Feudal Age
12:52 Man-at-Arms
16:43 Fletching
17:25 Padded Archer Armor
27:43 Castle Age
26:26 Scale Mail Armor
27:17 Double-Bit Axe
27:47 Pikeman
29:04 Horse Collar
35:22 Leather Archer Armor
35:43 Bow Saw
36:07 Bodkin Arrow
37:04 Elite Skirmisher
38:24 Chain Mail Armor
46:15 Wheelbarrow
51:35 Heavy Plow
miscussi
2:47 Loom
10:31 Feudal Age
15:29 Double-Bit Axe
23:02 Castle Age
22:00 Fletching
24:16 Scale Barding Armor
24:47 Forging
26:10 Bow Saw
26:52 Horse Collar
33:04 Bodkin Arrow
34:48 Elite Skirmisher
35:47 Heavy Plow
36:02 Padded Archer Armor
37:42 Leather Archer Armor
40:56 Ballistics
45:31 Wheelbarrow
47:29 Imperial Age
48:49 Conscription
50:35 Chain Barding Armor
50:16 Bracer
50:47 Ring Archer Armor
51:23 Chemistry
52:42 Two-Man Saw
52:42 Wagenburg Tactics
53:25 Town Watch
53:55 Hand Cart
54:12 Husbandry
54:38 Town Patrol
54:20 Cavalier
Connection lost

Rejoining the realm…

Still unreachable

The connection could not be restored.

Session expired

The server has moved on; the page needs a fresh start.